 Dungeon Crawl Stone Soup version 0.18.1-2-ga659475 (webtiles) character file.

28 varam the Grave Robber (level 3, 0/28 HPs)
             Began as a Ghoul Necromancer on May 8, 2016.
             Slain by an adder (1 damage)
             ... on level 2 of the Dungeon.
             The game lasted 00:04:41 (864 turns).

varam the Grave Robber (Ghoul Necromancer)           Turns: 864, Time: 00:04:41

Health: 0/28       AC:  2    Str: 11    XL:     3   Next: 14%
Magic:  0/4        EV: 12    Int: 11    God:
Gold:   69         SH:  0    Dex:  9    Spells: 2 memorised, 3 levels left

rFire  . . .     SeeInvis .       - Unarmed
rCold  + . .     Gourm    .     a - +0 robe
rNeg   + + +     Faith    .     (no shield)
rPois  ∞         Spirit   .     (no helmet)
rElec  .         Dismiss  .     (no cloak)
rCorr  .         Reflect  .     (no gloves)
SustAt .         Harm     .     (no boots)
MR     .....                    (no amulet)
Stlth  ++........               (no ring)
                                (no ring)

@: rotting, not resistant to hostile enchantments, unstealthy
A: rotting body, claws 1, carnivore 3, cold resistance 1, negative energy
resistance 3, slow regeneration 1, torment resistance, unbreathing
a: no special abilities


You were on level 2 of the Dungeon.
You were not hungry.

You visited 1 branch of the dungeon, and saw 2 of its levels.

You collected 69 gold pieces.

Inventory:

Armour
 a - a +0 robe (worn)
 j - a +0 pair of gloves
Scrolls
 d - a scroll of remove curse {unknown}
 e - 2 scrolls of identify {unknown}
 f - a scroll of random uselessness {unknown}
 h - 2 scrolls of enchant armour {unknown}
 l - a scroll of enchant weapon {unknown}
Potions
 i - 2 potions of cure mutation {unknown}
 k - a potion of agility {unknown}
Books
 b - a book of Necromancy

   Spells                             Type                      Level
   a - Pain                           Necromancy                   1
   b - Animate Skeleton               Necromancy                   1
   c - Vampiric Draining              Necromancy                   3
   d - Regeneration                   Charms/Necromancy            3
   e - Animate Dead                   Necromancy                   4
   f - Control Undead                 Necromancy                   4
Comestibles
 c - 3 meat rations
 g - 4 chunks of flesh


   Skills:
 * Level 1.5 Fighting
 + Level 1.8 Dodging
 - Level 2.1 Stealth
 + Level 1.9 Unarmed Combat
 + Level 1.8 Spellcasting
 + Level 4.0 Necromancy


You had 3 spell levels left.
You knew the following spells:

 Your Spells              Type           Power        Failure   Level  Hunger
a - Pain                  Necr           #...         6%          1    ##.....
b - Animate Skeleton      Necr           N/A          6%          1    ##.....


Dungeon Overview and Level Annotations

Branches:
Dungeon (2/15)

Altars:


Innate Abilities, Weirdness & Mutations

Your body is rotting away.
You thrive on raw meat.
You are immune to poison.
You have sharp fingernails.
You are carnivorous and can eat meat at any time.
Your flesh is cold resistant.
You are immune to negative energy.
You regenerate slowly when monsters are visible.
You are immune to unholy pain and torment.
You can survive without breathing.


Message History

You scratch the giant cockroach but do no damage.
The giant cockroach is heavily wounded.
The goblin hits you with a club.
* * * LOW HITPOINT WARNING * * *
The giant cockroach bites you.
* * * LOW HITPOINT WARNING * * *
Casting: Pain
Confirm with . or Enter, or press ? or * to list all spells.
Aiming: Pain
Press: ? - help, Shift-Dir - straight line, f/p - adder
Aim: an adder (heavily wounded, chance to defeat MR: 68%)
The giant cockroach convulses in agony!
You kill the giant cockroach!
Casting: Pain
Confirm with . or Enter, or press ? or * to list all spells.
Aiming: Pain
Press: ? - help, Shift-Dir - straight line, f/p - adder
Aim: an adder (heavily wounded, chance to defeat MR: 68%)
The adder convulses in agony!
The adder bites you.
You die...

##
#.###.#
#.. #.#
#(# #.###
... #.#
.... ....
#.#.###.#
....
#†#.....#
#+#.
#.#####.#
#......g#
#######S#
#@# #.#
#(# #.#
..# ###


You could see an adder and a goblin.

Vanquished Creatures
  An ooze (D:1)
  2 dart slugs (D:1)
  A giant gecko (D:1)
  2 giant cockroaches (D:2)
  A goblin (D:1)
  2 hobgoblins (D:1)
  2 kobolds
  A ball python (D:1)
  4 bats
  A giant newt (D:2)
  2 rats (D:1)
19 creatures vanquished.

Notes
Turn   | Place    | Note
--------------------------------------------------------------
     0 | D:1      | varam the Ghoul Necromancer began the quest for the Orb.
     0 | D:1      | Reached XP level 1. HP: 14/14 MP: 2/2
   333 | D:1      | Reached skill level 1 in Unarmed Combat
   333 | D:1      | Reached XP level 2. HP: 14/22 MP: 0/3
   475 | D:1      | Reached skill level 1 in Fighting
   698 | D:1      | Reached XP level 3. HP: 24/28 MP: 1/4
   815 | D:2      | Learned a level 1 spell: Animate Skeleton
   860 | D:2      | HP: 1/28 [giant cockroach (2)]
   864 | D:2      | Slain by an adder

Skill      XL: |  1  2 |
---------------+-------+-----
Unarmed Combat | 1 |  1.9
Fighting       | 1 |  1.5
Dodging        | |  1.8
Stealth        | |  2.1
Spellcasting   | |  1.8
Necromancy     | |  4.0

Action                   || total
-------------------------++-------
Melee: Unarmed           ||    52
 Cast: Pain              ||    29
  Eat: Chunk             ||     3
Armor: Robe              ||    21
Dodge: Dodged            ||    62
